 Dungeon Crawl Stone Soup version 0.24-a0-7-g1bb0902 (webtiles) character file.

Game seed: 4010177092354518882

44 Lavandula the Bolt Thrower (level 3, -2/22 HPs)
             Began as a Halfling Arcane Marksman on Jan 30, 2019.
             Slain by an orc priest
             ... wielding a cursed -2 trident
              (4 damage)
             ... on level 3 of the Dungeon.
             The game lasted 00:03:52 (697 turns).

Lavandula the Bolt Thrower (HaAM)                    Turns: 697, Time: 00:03:53

Health: -2/22      AC:  6    Str: 12    XL:     3   Next: 85%
Magic:  4/4        EV: 18    Int: 16    God:
Gold:   37         SH:  0    Dex: 19    Spells: 3/4 levels left

rFire    . . .     SeeInvis .   a - +0 hand crossbow
rCold    . . .     Gourm    .   (shield restricted)
rNeg     . . .     Faith    .   g - +0 ring mail
rPois    .         Spirit   .   (no helmet)
rElec    .         Reflect  .   (no cloak)
rCorr    .         Harm     .   k - +0 pair of gloves
MR       .....                  (no boots)
Stlth    ++........             (no amulet)
HPRegen  0.07/turn              (no ring)
MPRegen  0.09/turn              (no ring)

@: brilliant, agile
A: small, mutation resistance 1
a: no special abilities


You were on level 3 of the Dungeon.
You were not hungry.

You visited 1 branch of the dungeon, and saw 3 of its levels.

You collected 37 gold pieces.

Inventory:

Hand Weapons
 a - a +0 hand crossbow (weapon)
 j - a +0 short sword
Missiles
 m - 8 curare-tipped needles
Armour
 e - a +0 robe
 g - a +0 ring mail (worn)
 k - a +0 pair of gloves (worn)
Scrolls
 b - a scroll of teleportation {unknown}
 c - a scroll of identify {unknown}
 h - a scroll of enchant weapon {unknown}
 i - 2 scrolls of blinking {unknown}
Comestibles
 f - 4 rations


   Skills:
 - Level 0.8 Fighting
 + Level 4.2 Crossbows
 - Level 2.1 Dodging
 - Level 1.0 Spellcasting
 - Level 2.4 Hexes


You had 3 spell levels left.
You knew the following spells:

 Your Spells              Type           Power        Failure   Level  Hunger
a - Corona                Hex            ###....      2%          1    ##.....

Your spell library contained the following spells:

 Spells                   Type           Power        Failure   Level  Hunger
 Slow                     Hex            ###.....     3%          2    ###....
 Inner Flame              Hex/Fire       ##......     11%         3    ####...
 Portal Projectile        Hex/Tloc       ##....       11%         3    ####...
 Cause Fear               Hex            ###.......   21%         4    #####..
 Leda's Liquefaction      Hex/Erth       ##........   30%         4    #####..


Dungeon Overview and Level Annotations

Branches:
Dungeon (3/15)

Altars:


Innate Abilities, Weirdness & Mutations

You are small and have problems with some larger weapons.
You are somewhat resistant to further mutation.


Message History

You kill the leopard gecko!
The orc hits you with a +0 flail!
* * * LOW HITPOINT WARNING * * *
Unknown command.
It was a potion of brilliance.
You feel clever all of a sudden. The orc priest closely misses you.
It was a potion of agility.
You feel agile all of a sudden. The orc closely misses you.
The orc priest calls upon Beogh to heal the orc.
The orc is healed somewhat.
Throwing (i - inventory)
o - a tomahawk (quivered)
Press: ? - help, Shift-Dir - straight line, f/p - orc priest
Aim: an orc priest, wielding a -2 trident and wearing a +0 leather armour (heavily wounded)
You throw a tomahawk. The tomahawk hits the orc.
The orc is almost dead.
The orc misses you.
The orc priest hits you from afar with a cursed -2 trident.
You die...

#...##########.#....
#.((#...# #.#.... #
#.((#.#.# #.#....
#.#..(#.#[######.#.###
#.'..o'(#........#.###
###.oo###..#####.#.(.#
###o#....# ###.#.#
#o#.#.######...#.#
#@#.#..........#.#
#.#.#.........##)#
#.#.##.###.......#
#.#.#....#.#######
#.#.##.###.#
#.#.....(..#######
#.#....###...(....
..#.#### #.#######
###.# #.#


You could see an orc priest, an orc wizard and 3 orcs.

Vanquished Creatures
  A dart slug (D:1)
  4 leopard geckos
  An orc (D:3)
  3 bats (D:2)
  A bat zombie (D:2)
  4 giant cockroaches
  2 hobgoblins (D:3)
  2 jackals (D:2)
  7 kobolds
  A quokka (D:2)
  2 frilled lizards
  2 goblins
  3 rats
33 creatures vanquished.

Notes
Turn   | Place    | Note
-------+----------+-------------------------------------------
     0 | D:1      | Lavandula the Halfling Arcane Marksman began the quest for
                  | the Orb.
     0 | D:1      | Reached XP level 1. HP: 12/12 MP: 2/2
   186 | D:2      | Reached XP level 2. HP: 12/18 MP: 3/3
   202 | D:2      | Reached skill level 3 in Crossbows
   391 | D:2      | Reached XP level 3. HP: 22/22 MP: 4/4
   579 | D:3      | Reached skill level 4 in Crossbows
   697 | D:3      | Slain by an orc priest

Vault maps used:
D:1:      dpeg_arrival_circle_labyrinth_a, minivault_26
D:2:      serial_undead, serial_undead_a, serial_undead_e, serial_undead_c,
          serial_undead_d, serial_undead_b

Skill      XL: |  1  2  3 |
---------------+----------+-----
Crossbows      | 3 4 |  4.2
Fighting       | |  0.8
Dodging        | |  2.1
Spellcasting   | |  1.0
Hexes          | |  2.4

Action                   || total
-------------------------++-------
 Fire: Hand crossbow     ||    89
Throw: Tomahawk          ||     4
 Cast: Corona            ||     2
  Use: Potion            ||     2
Armor: Ring mail         ||    15
Dodge: Dodged            ||    43

Table legend:
 A = Non-vault XP
 B = Vault XP
 C = Vault XP percentage of total XP
 D = Non-vault monster count
 E = Vault monster count
 F = Vault count percentage of total count
                 A         B        C        D         E       F
            +---------+---------+-------+---------+---------+-------
      Total |      61 |       2 |   3.2 |      32 |       1 |   3.0
            +---------+---------+-------+---------+---------+-------
        D:1 |       7 |       0 |   0.0 |       2 |       0 |   0.0
        D:2 |      27 |       2 |   6.9 |      17 |       1 |   5.6
        D:3 |      27 |       0 |   0.0 |      13 |       0 |   0.0
            +---------+---------+-------+---------+---------+-------
